 Dungeon Crawl Stone Soup version 0.15-a0-335-g04a2ae6 (webtiles) character file.

823 PolkaDot the Martial Artist (level 7, 0/51 HPs)
             Began as a Vampire Monk on May 1, 2014.
             Killed from afar by Dowan (5 damage)
             ... with a wand of magic darts
             ... on Level 5 of the Dungeon.
             The game lasted 00:11:41 (3524 turns).

PolkaDot the Martial Artist (Vampire Monk)          Turns: 3524, Time: 00:11:41

HP   0/51        AC  4     Str 10      XL: 7   Next: 44%
MP   7/7         EV 17     Int 12      God:
Gold 93          SH  0     Dex 18      Spells:  0 memorised,  6 levels left

rFire  . . .     SeeInvis +       - Unarmed
rCold  + . .     Clarity  .     a - -1 robe
rNeg   . . .     Conserve .     (no shield)
rPois  +         rCorr    .     (no helmet)
rElec  .         rRot     .     (no cloak)
SustAb . .       Spirit   .     (no gloves)
rMut   .         Warding  .     j - +0 pair of boots
Saprov . . .     Stasis   .     (no amulet)
MR     .....                    l - ring of poison resistance
                                i - ring of protection from cold

@: regenerating very quickly, very slightly contaminated, hasted (expiring),
very quick, not resistant to hostile enchantments, fairly stealthy
A: bottle blood, fangs 3, yellow scales 1, see invisible, unbreathing
a: Bottle Blood


You were on level 5 of the Dungeon.
You were almost alive.

You visited 1 branch of the dungeon, and saw 5 of its levels.

You collected 93 gold pieces.

Inventory:

Armour
 a - a -1 robe (worn)
 j - a +0 pair of boots (worn)
Scrolls
 b - 3 scrolls of identify
 c - 4 scrolls of recharging {unknown}
 e - a scroll of remove curse {unknown}
 f - a scroll of enchant armour {unknown}
 g - a scroll of enchant weapon II {unknown}
 h - 4 scrolls of amnesia {unknown}
 k - 2 scrolls of magic mapping {unknown}
 m - 2 scrolls of teleportation {unknown}
 n - a scroll of random uselessness {unknown}
 o - a scroll of noise {unknown}
Jewellery
 d - an uncursed ring of sustain abilities
 i - a ring of protection from cold (left hand)
 l - a ring of poison resistance (right hand)
Potions
 q - 2 potions of blood {@w2}


   Skills:
 - Level 2.6 Fighting
 + Level 6.3 Dodging
 - Level 3.0 Stealth
 * Level 8.5 Unarmed Combat


You had 6 spell levels left.
You didn't know any spells.

Dungeon Overview and Level Annotations

Branches:
Dungeon (5/15)
 Temple: D:4-7

Altars:
Elyvilon

Annotations:
D:5 Dowan


Innate Abilities, Weirdness & Mutations

Your natural rate of healing is extremely fast.
You can bottle blood from corpses.
You have razor-sharp teeth.*
You have supernaturally acute eyesight.
You can survive without breathing.*
You are partially covered in yellow scales (AC +2).*


Message History

* * * LOW HITPOINT WARNING * * *
You hit Dowan.
Dowan is severely wounded.
Your extra speed is starting to run out.
Dowan hits you but does no damage.
You hit Dowan but do no damage. You bite Dowan, but do no damage.
Dowan is severely wounded.
You closely miss Dowan.
Dowan is severely wounded.
Dowan zaps a wand.
The magic dart hits you!
* * * LOW HITPOINT WARNING * * *
You hit Dowan but do no damage.
Dowan is severely wounded.
Dowan zaps a wand.
The magic dart hits you!
* * * LOW HITPOINT WARNING * * *
Unknown command.
You barely miss Dowan. Your bite misses Dowan.
Dowan is severely wounded.
Dowan zaps a wand.
The magic dart hits you!
You die...

#...##.# ..###.#####...##.#
...................##.#
#.........###.#######<##.#
#.......[.# #.# #####.##..
###.........###<###.........
..........<................
#.........# #.###....(....
####.........###.#######.##..
.............@................
###%###e####.#######.....
###.###.# #.#######.....
#.......# ##.(...........
#.......# #...ยง.####....#
###.......###.....# #%...#
............)......# #....#
.###.......###e....#########
...........................
###.......##...############


You could see Dowan.

Vanquished Creatures
  An ogre (D:4)
  The ghost of lauthentik the Grave Robber, an average DsNe of Kikubaaqudgha (D:3)
  Duvessa (D:5)
  2 hounds (D:5)
  A quasit (D:4)
  A jelly (D:4)
  An orc priest (D:3)
  3 orc wizards
  3 worker ants (D:4)
  Natasha (twice) (D:4)
  6 adders
  2 worms (D:3)
  3 giant geckos
  17 orcs
  6 bats
  3 goblins
  9 hobgoblins
  2 jackals (D:3)
  A ball python (D:3)
  3 giant cockroaches (D:1)
  3 giant newts
  4 kobolds
  A kobold zombie (D:4)
  13 rats
89 creatures vanquished.

Notes
Turn   | Place    | Note
--------------------------------------------------------------
     0 | D:1      | PolkaDot, the Vampire Monk, began the quest for the Orb.
     0 | D:1      | Reached XP level 1. HP: 17/17 MP: 1/1
   139 | D:1      | Reached XP level 2. HP: 23/23 MP: 2/2
   406 | D:1      | Reached skill level 5 in Unarmed Combat
   667 | D:2      | Found a white marble altar of Elyvilon.
   816 | D:2      | You fall through a shaft for 2 floors!
   904 | D:4      | Noticed Natasha
   943 | D:4      | Killed Natasha
   943 | D:4      | Reached XP level 3. HP: 3/28 MP: 3/3
  1158 | D:4      | Reached XP level 4. HP: 4/34 MP: 4/4
  1311 | D:4      | Noticed an ogre
  1342 | D:4      | Killed an ogre
  1342 | D:4      | Reached skill level 6 in Unarmed Combat
  1342 | D:4      | Reached XP level 5. HP: 39/39 MP: 5/5
  1480 | D:4      | Reached skill level 5 in Dodging
  1610 | D:4      | Reached XP level 6. HP: 44/46 MP: 6/6
  1710 | D:3      | Reached skill level 7 in Unarmed Combat
  2513 | D:3      | Noticed lauthentik's ghost (average DsNe)
  2529 | D:3      | Killed lauthentik's ghost
  2824 | D:3      | Reached XP level 7. HP: 51/51 MP: 7/7
  3214 | D:4      | Noticed Natasha
  3218 | D:4      | Killed Natasha
  3245 | D:4      | Reached skill level 8 in Unarmed Combat
  3386 | D:5      | Entered Level 5 of the Dungeon
  3454 | D:5      | Noticed Duvessa
  3458 | D:5      | Noticed Dowan
  3460 | D:5      | Gained mutation: You are partially covered in yellow scales (AC +2). [potion of beneficial mutation]
  3488 | D:5      | Killed Duvessa
  3524 | D:5      | Killed from afar by Dowan

Action                   |  1- 3 |  4- 6 |  7- 9 || total
-------------------------+-------+-------+-------++-------
Melee: Unarmed           |   135 |   188 |    44 ||   367
 Abil: Bottle Blood      |       |     5 |     1 ||     6
  Use: Potion            |     2 |     6 |     6 ||    14
       Scroll            |       |       |     1 ||     1
 Stab: Sleeping          |     3 |     4 |     1 ||     8
